[Event "45th FIDE Olympiad 2024"]
[Site "Budapest"]
[Date "2024.09.11"]
[Round "1.66"]
[White "Sargsyan, Shant"]
[Black "Darmanin, Jake"]
[Result "1-0"]
[ECO "C97"]
[WhiteElo "2649"]
[BlackElo "2119"]
[Annotator "TA"]
[PlyCount "67"]
[EventDate "2024.09.05"]
[EventType "team-tourn"]
[EventCountry "HUN"]
[SourceTitle "playchess.com"]
[Source "ChessBase"]
[SourceQuality "1"]
[WhiteTeam "Armenia"]
[BlackTeam "Malta"]
[WhiteTeamCountry "ARM"]
[BlackTeamCountry "MLT"]
[TimeControl "40/5400+30:1800+30"]

1. e4 e5 2. Nf3 Nc6 3. Bb5 a6 4. Ba4 Nf6 5. O-O Be7 6. Re1 b5 7. Bb3 d6 8. c3 O-O 9. h3 Na5 10. Bc2 c5 11. d4 Qc7 12. d5 Bd7 13. b3 Nb7 14. Be3 c4 15. b4 {White is slightly better.} a5 16. a4 bxa4 17. Na3 {Nd2 is the strong threat.} axb4 18. cxb4 {Strongly threatening Nd2.} Rab8 {[#]} (18... c3 $14) 19. Nd2 $1 $16 {White is more active.} Rfc8 (19... Nd8 $16) 20. Ndxc4 $18 {[%cal Oe3b6] And now Bb6! would win.} Nd8 21. Rb1 (21. Bxa4 $6 Rxb4 22. Bxd7 Nxd7 $16) 21... Be8 22. Bd3 h6 (22... Bf8 $142 23. b5 Qe7) 23. Re2 (23. b5 Bf8 24. Re2 (24. Qxa4 Nb7 $18) (24. b6 Qe7 $18) 24... Qe7) 23... Nh7 24. Rc2 Qb7 25. b5 f5 26. Na5 (26. exf5 Kh8 27. Rb4 (27. Nb6 Rxc2 28. Nxc2 Bg5 $18) 27... Nf7 28. Rxa4 Bd8 $18) 26... Qa8 {[#] ...Rxc2 would now be deadly.} 27. Nc6 Nxc6 28. dxc6 ({Resist} 28. bxc6 Nf6 29. Rc4 (29. exf5 Rb3 $18) 29... Rxb1 30. Nxb1 (30. Bxb1 Bh5 $18) 30... Bd8 31. Rxa4 Qb8 $18) 28... d5 (28... f4 $142 29. Bd2 Nf6) 29. exd5 {White is clearly winning.} Bxa3 30. Bxf5 Bd6 31. b6 Rd8 32. b7 Qa5 33. Bb6 Qa6 34. Bd3 {Black got outplayed after the opening.   Weighted Error Value: White=0.03 (flawless) /Black=0.42.  Mistake:       	---       	Black=4      OK:         	White=10    	Black=6      Best:        	White=1     	Black=2} 1-0

[Event "45th FIDE Olympiad 2024"]
[Site "Budapest"]
[Date "2024.09.11"]
[Round "1.66"]
[White "Mwadzura, Roy"]
[Black "Heim, Colin Peter"]
[Result "1-0"]
[ECO "B22"]
[WhiteElo "2229"]
[BlackElo "1751"]
[Annotator "NA RC"]
[PlyCount "27"]
[EventDate "2024.09.05"]
[EventType "team-tourn"]
[EventCountry "HUN"]
[SourceTitle "playchess.com"]
[Source "ChessBase"]
[SourceQuality "1"]
[WhiteTeam "Zimbabwe"]
[BlackTeam "US Virgin Islands"]
[WhiteTeamCountry "ZIM"]
[TimeControl "40/5400+30:1800+30"]

1. e4 c5 2. Nf3 Nc6 3. c3 e6 4. d4 cxd4 5. cxd4 Bb4+ 6. Nc3 Nf6 7. Bd3 a6 8. O-O O-O 9. e5 Ne8 10. Bxh7+ Kh8 11. Ng5 g6 12. Nxf7+ Rxf7 13. Bxg6 Rf8 14. Qh5+ 1-0

[Event "45th FIDE Olympiad 2024"]
[Site "Budapest"]
[Date "2024.09.11"]
[Round "1.67"]
[White "Novak, Attila Robert"]
[Black "Hovhannisyan, Robert"]
[Result "0-1"]
[ECO "D02"]
[WhiteElo "2135"]
[BlackElo "2619"]
[Annotator "TA"]
[PlyCount "83"]
[EventDate "2024.09.05"]
[EventType "team-tourn"]
[EventCountry "HUN"]
[SourceTitle "playchess.com"]
[Source "ChessBase"]
[SourceQuality "1"]
[WhiteTeam "Malta"]
[BlackTeam "Armenia"]
[WhiteTeamCountry "MLT"]
[BlackTeamCountry "ARM"]
[TimeControl "40/5400+30:1800+30"]

1. d4 Nf6 2. Nf3 d5 3. g3 Bf5 4. c4 e6 5. Nc3 h6 6. cxd5 exd5 7. Qb3 Nc6 8. Bf4 {The position is equal.} Na5 9. Qa4+ c6 10. Bg2 Nc4 11. Qb3 Qb6 12. O-O g5 $36 {[%mdl 2048] Black is pushing.} ({Don't play} 12... Nxb2 $6 13. Ne5 $14) 13. Be5 Nxe5 14. dxe5 (14. Nxe5 $15 Bd6 15. Qxb6 axb6 16. a3) 14... Nd7 $17 {White is on the road to losing.} 15. Qxb6 axb6 16. Nd4 Bg6 17. e6 Nf6 18. e4 dxe4 19. Rfe1 Bc5 20. exf7+ Kxf7 21. Nb3 Bb4 22. Nd2 Rhe8 23. Bxe4 Nxe4 24. Ndxe4 {[#]} Rxe4 25. Nxe4 Bxe1 26. Rxe1 Rxa2 $19 {[%mdl 4096] Endgame. KRB-KRN} 27. Nd6+ Kf6 28. Re2 Bh5 29. f3 Bxf3 30. Rd2 Bd5 31. Ne8+ Ke5 32. Kf2 Ra8 33. Nc7 Rf8+ 34. Ke3 Rd8 {Black has a decisive advantage.} 35. Nxd5 Rxd5 {KR-KR} ({Much less strong is} 35... cxd5 36. Rf2 $19) 36. Re2 Kd6 {[#] And now ...Re5+ would win.} 37. Rf2 Ke6 {Wards off Rf6+} 38. Rf8 h5 39. Rh8 g4 40. Kf4 Rf5+ 41. Ke4 Rb5 42. Rh6+ {Weighted Error Value: White=0.18 (very precise) /Black=0.06 (flawless) .  Mistake:       	White=2     	---        Inaccurate:     	White=1     	---        OK:         	White=12    	Black=17     Best:        	White=2     	Black=5      Brilliant:      	---       	Black=1} 0-1

[Event "45th FIDE Olympiad 2024"]
[Site "Budapest"]
[Date "2024.09.11"]
[Round "1.68"]
[White "Grigoryan, Karen H."]
[Black "Mizzi, Jack"]
[Result "1-0"]
[ECO "A21"]
[WhiteElo "2569"]
[BlackElo "2053"]
[Annotator "TA"]
[PlyCount "71"]
[EventDate "2024.09.05"]
[EventType "team-tourn"]
[EventCountry "HUN"]
[SourceTitle "playchess.com"]
[Source "ChessBase"]
[SourceQuality "1"]
[WhiteTeam "Armenia"]
[BlackTeam "Malta"]
[WhiteTeamCountry "ARM"]
[BlackTeamCountry "MLT"]
[TimeControl "40/5400+30:1800+30"]

1. c4 e5 2. d3 d6 3. Nc3 f5 4. g3 Nf6 5. Bg2 c6 6. Nf3 Be7 7. O-O O-O 8. c5 Na6 9. cxd6 Bxd6 10. a3 Nc7 11. e4 fxe4 12. dxe4 {The position is equal.} Ne6 13. h3 Qe7 14. b4 a5 15. b5 Nc5 16. Be3 Be6 17. bxc6 Bb3 (17... bxc6 $11 18. Rb1 Ncxe4 19. Nxe4 Nxe4) 18. Qb1 $14 {Bxc5 would now be deadly.} a4 19. cxb7 Nxb7 {[%cal Oa8c8] [#] Black is on the road to losing.} 20. Nd5 $1 $36 {[%mdl 2048] White is really pushing.} Nxd5 21. exd5 g6 {[#]} (21... Nc5 $16 {might work better.}) 22. Nd2 $1 $18 Na5 (22... Rab8 $16 23. Ne4 (23. Nxb3 Nc5 $16) 23... Rbc8) 23. Ne4 Nc4 24. Bg5 Qb7 (24... Qd7 $142 25. Rc1 Kh8) 25. Rc1 Qa7 (25... Qd7 $142 26. Qd3 Rac8) 26. Qd3 Rac8 27. Rc3 {Threatens to win with Bh6.} Be7 $2 (27... Kg7 {was called for.} 28. Rac1 Qd7 29. Rxc4 Bxc4 30. Rxc4 Rxc4 31. Qxc4 Bxa3) 28. Bxe7 Qxe7 29. Rac1 Nb2 30. d6 Qa7 (30... Qe6 $142 31. d7 Rcd8) 31. Qb5 Rxc3 32. Rxc3 {[%cal Oc3c7] And now Rc7! would win.} Qd4 33. Rc7 {White wants to mate with Qb7.} Be6 34. Qb7 {White mates.} Rf7 35. Rxf7 Bxf7 36. d7 {Weighted Error Value: White=0.13 (very precise) /Black=0.69.  Mistake:       	---       	Black=7      Inaccurate:     	---       	Black=1      OK:         	White=7     	Black=6      Best:        	White=4     	Black=1      Strong:       	White=1     	---} 1-0

[Event "45th FIDE Olympiad 2024"]
[Site "Budapest"]
[Date "2024.09.11"]
[Round "1.68"]
[White "Mapuranga, Vitalis"]
[Black "Smith, Michael"]
[Result "1-0"]
[ECO "B02"]
[WhiteElo "2013"]
[BlackElo "1718"]
[Annotator "NA RC"]
[PlyCount "47"]
[EventDate "2024.09.05"]
[EventType "team-tourn"]
[EventCountry "HUN"]
[SourceTitle "playchess.com"]
[Source "ChessBase"]
[SourceQuality "1"]
[WhiteTeam "Zimbabwe"]
[BlackTeam "US Virgin Islands"]
[WhiteTeamCountry "ZIM"]
[TimeControl "40/5400+30:1800+30"]

1. e4 Nf6 2. e5 Nd5 3. c4 Nb6 4. d4 Nc6 5. f4 e6 6. a3 d5 7. c5 Nd7 8. Nf3 b6 9. Bb5 Bb7 10. Qa4 Ndb8 11. cxb6 axb6 12. Qc2 Be7 13. O-O O-O 14. f5 Ra5 15. Nc3 Ba6 16. Bxa6 Rxa6 17. Be3 Nd7 18. Nxd5 Nxd4 19. Nxe7+ Qxe7 20. Bxd4 c5 21. Bc3 Rd8 22. f6 gxf6 23. exf6 Nxf6 24. Ng5 1-0

[Event "45th FIDE Olympiad 2024"]
[Site "Budapest"]
[Date "2024.09.11"]
[Round "1.69"]
[White "Deac, Bogdan-Daniel"]
[Black "Ortega Amarelle, Mariano"]
[Result "1-0"]
[ECO "A14"]
[WhiteElo "2680"]
[BlackElo "2453"]
[Annotator "TA"]
[PlyCount "95"]
[EventDate "2024.09.05"]
[EventType "team-tourn"]
[EventCountry "HUN"]
[SourceTitle "playchess.com"]
[Source "ChessBase"]
[SourceQuality "1"]
[WhiteTeam "Romania"]
[BlackTeam "Cape Verde"]
[WhiteTeamCountry "ROU"]
[TimeControl "40/5400+30:1800+30"]

1. Nf3 d5 2. g3 Nf6 3. Bg2 e6 4. O-O Be7 5. c4 O-O 6. d3 c5 7. Ne5 b6 8. e4 dxe4 9. dxe4 {[%cal Oe5f7] With the idea Nxf7! The position is equal.} Bb7 10. Nc3 Nfd7 11. Nxd7 Nxd7 12. f4 {Inhibits Ne5.} Bf6 13. e5 Bxg2 14. Kxg2 Be7 15. Qe2 Qc7 16. Qe4 a6 17. Be3 Rae8 18. Rad1 f5 19. Nd5 Qc8 {[#] White leaves nothing to chance now.} (19... Qb8 $14 20. Qf3 Bd8) 20. Nxe7+ $1 $16 Rxe7 21. Qf3 {White is more active.} Qa8 22. Rd6 Qxf3+ 23. Kxf3 Rc8 {Black is weak on the dark squares} 24. Rfd1 Rc7 25. g4 $36 {[%mdl 2048] White is in control.} fxg4+ 26. Kxg4 Rb7 27. Rc6 Re8 (27... Kf7 $16 {was necessary.} 28. Rdd6 h6) 28. Rdd6 $18 Kf7 29. b3 a5 30. Bf2 h6 31. h4 g6 32. h5 {aiming for hxg6+.} g5 33. Bg3 (33. fxg5 Nxe5+ 34. Kh3 Nxc6 (34... hxg5 35. Rxb6 Rxb6 36. Rxb6 $14) 35. Rxc6 hxg5 $19) 33... gxf4 34. Bxf4 a4 (34... Nb8 35. Rxb6 Rbe7 36. Bxh6 $18) 35. bxa4 Ra7 36. Rd3 (36. Bxh6 $2 Nxe5+ 37. Kf4 Nxc6 38. Rxc6 Rh8 $19 (38... Rxa4 $2 39. Bg5 $17)) 36... Rb8 (36... Ke7 $142 37. Rdd6 (37. Bxh6 $2 Nxe5+ 38. Kh4 Nxc6 $19) 37... Kf7) 37. Kf3 (37. Bxh6 $2 Nxe5+ 38. Kh4 Nxd3 $19 (38... Nxc6 $2 39. a5 $19)) 37... Rbb7 $2 (37... Rg8 38. Rdd6 (38. Bxh6 $2 Nxe5+ 39. Kf4 Nxd3+ $19) 38... Re8) 38. Rcd6 (38. Bxh6 $2 Nxe5+ (38... Rxa4 $2 39. Re3 $18) 39. Ke4 Nxc6 $19) 38... Ke7 39. Bg3 ({Worse is} 39. Bxh6 Nxe5+ (39... Rxa4 $2 {too greedy.} 40. Bg5+ Ke8 41. Rxe6+ Kf8 42. Ke4 $18) 40. Kf4 Nxd3+ 41. Rxd3 Rxa4 $17) (39. Kg2 $142) 39... Nb8 $2 (39... Nf8 40. Bf4 Nd7) 40. Ra3 {White is clearly winning.} b5 (40... Nd7 $142 41. Ke4 Nf8) 41. cxb5 Rxb5 42. Bh4+ Kf7 43. Kg3 Rb4 44. Rf3+ Kg7 45. Rxe6 Rbxa4 46. Bf6+ Kf7 47. Rd6 {White threatens e6+ and mate.} Re4 {[#]} 48. e6+ $1 {[%mdl 512] Weighted Error Value: White=0.27 (precise) /Black=0.42.  Mistake:       	White=1     	Black=6      Inaccurate:     	---       	Black=4      OK:         	White=12    	Black=11     Best:        	White=2     	---        Strong:       	White=1     	---} 1-0

[Event "45th FIDE Olympiad 2024"]
[Site "Budapest"]
[Date "2024.09.11"]
[Round "1.69"]
[White "Miguel, Sergio"]
[Black "Christopher, Art"]
[Result "1-0"]
[ECO "C55"]
[WhiteElo "2241"]
[BlackElo "1779"]
[Annotator "ChessBase"]
[PlyCount "97"]
[EventDate "2024.09.05"]
[EventType "team-tourn"]
[EventCountry "HUN"]
[SourceTitle "playchess.com"]
[Source "ChessBase"]
[SourceQuality "1"]
[WhiteTeam "Angola"]
[BlackTeam "British Virgin Islands"]
[WhiteTeamCountry "ANG"]
[BlackTeamCountry "IVB"]
[TimeControl "40/5400+30:1800+30"]

1. e4 e5 2. Nf3 Nc6 3. Bc4 Nf6 4. d3 Be7 5. O-O O-O 6. Nc3 d6 7. a4 Nb4 8. Ne2 c5 9. Ng3 Bg4 10. c3 Nc6 11. h3 Be6 12. Ng5 Bxc4 13. dxc4 h6 14. Nf3 Qc7 15. Re1 Rfe8 16. Nh4 Bf8 17. Nhf5 Rad8 18. Qf3 Re6 19. b3 Ne7 20. Ne3 Ng6 21. Ngf5 b6 22. g3 Qb7 23. Ng4 Nxg4 24. hxg4 Ne7 25. Kg2 Nxf5 26. gxf5 Rf6 27. g4 g5 28. Qd3 a6 29. f3 Bg7 30. Be3 Qc7 31. Rh1 Qb7 32. Rh5 Kf8 33. Rah1 Ke7 34. Qd2 Rg8 35. Kf1 b5 36. cxb5 axb5 37. a5 b4 38. cxb4 cxb4 39. Kg2 Ra8 40. Bb6 Rc8 41. Qxb4 Qa6 42. Kg3 Kd7 43. Rd1 Bf8 44. Rd5 Qe2 45. Rh2 Qa6 46. Rhd2 h5 47. gxh5 Rh6 48. Kg4 Qf1 49. Qb5+ 1-0

[Event "45th FIDE Olympiad 2024"]
[Site "Budapest"]
[Date "2024.09.11"]
[Round "1.70"]
[White "Alho, Diogo"]
[Black "Shevchenko, Kirill"]
[Result "0-1"]
[ECO "A49"]
[WhiteElo "2192"]
[BlackElo "2673"]
[Annotator "TA"]
[PlyCount "74"]
[EventDate "2024.09.05"]
[EventType "team-tourn"]
[EventCountry "HUN"]
[SourceTitle "playchess.com"]
[Source "ChessBase"]
[SourceQuality "1"]
[WhiteTeam "Cape Verde"]
[BlackTeam "Romania"]
[BlackTeamCountry "ROU"]
[TimeControl "40/5400+30:1800+30"]

1. d4 Nf6 2. Nf3 g6 3. g3 Bg7 4. Bg2 O-O 5. O-O d6 6. a4 Na6 7. Nc3 c5 8. e4 cxd4 9. Nxd4 Bd7 {The position is equal.} 10. h3 Nb4 11. Be3 Rc8 12. Qd2 a6 {Prevents Ncb5.} 13. Rfe1 e5 14. Nde2 Be6 15. Red1 Qa5 16. Rac1 Rfd8 17. Nd5 Nfxd5 (17... Bxd5 $14 18. exd5 e4) 18. exd5 $16 Bf5 19. c3 (19. Nc3 $142) 19... Nd3 20. Ra1 e4 $1 21. g4 Bd7 22. Bxe4 Ne5 23. b3 {Dodges Nc4} ({White should try} 23. Bd4 $14) 23... f5 $1 $11 24. gxf5 Bxf5 25. Bg2 {[#]} Bxh3 $1 {[%cal Od8f8] White should prevent ...Rf8!} 26. Rac1 {[#]} (26. Nf4 Bxg2) 26... Re8 $1 {With the idea ...Bg4.} 27. c4 (27. Bxh3 $2 {is the wrong capture.} Nf3+ 28. Kf1 Nxd2+ $19) ({Avoid the trap} 27. b4 $2 Qxa4 28. Nf4 Bxg2 29. Kxg2 Nc4 $19) (27. Nf4 Bxg2) 27... Qd8 {And now ...Qh4 would win.} 28. Bf4 Qh4 29. Bg3 $1 Qg4 {Threatens to win with ...Bxg2.} 30. Nd4 Rf8 $40 {[%mdl 128] aiming for ...Bxg2. Black is up to no good.} 31. Qe2 Qxe2 32. Nxe2 Bg4 33. Kf1 (33. Nf4 $1 $11 {keeps the balance.}) 33... Rce8 $17 {Black has more active pieces.} 34. Rc2 Bh6 {Inhibits Rdd2.} ({Black should play} 34... h5 $17 {...g5 would now be deadly.} 35. c5 g5) 35. Ra1 $2 (35. Rd4 $1 $15 Bc8 36. a5) 35... Nf3 (35... Nd3 $19 {has better winning chances. White must now prevent ...Re3.} 36. Rd1 Re3) 36. Rd1 Be3 37. Bxd6 {[%mdl 8192] [#]} (37. b4 $17) 37... Nd2+ $1 {[%mdl 512] Weighted Error Value: White=0.43/Black=0.16 (very precise) .  Loses game:     	White=2     	---        Mistake:       	White=3     	Black=3      Inaccurate:     	White=3     	Black=3      OK:         	White=10    	Black=14     Best:        	White=1     	Black=2      Strong:       	White=1     	Black=2      Brilliant:      	---       	Black=2} 0-1

[Event "45th FIDE Olympiad 2024"]
[Site "Budapest"]
[Date "2024.09.11"]
[Round "1.70"]
[White "Potter, Simon"]
[Black "Sapalo, Gabriel"]
[Result "0-1"]
[ECO "B50"]
[WhiteElo "1663"]
[BlackElo "2058"]
[Annotator "NA"]
[PlyCount "75"]
[EventDate "2024.09.05"]
[EventType "team-tourn"]
[EventCountry "HUN"]
[SourceTitle "playchess.com"]
[Source "ChessBase"]
[SourceQuality "1"]
[WhiteTeam "British Virgin Islands"]
[BlackTeam "Angola"]
[WhiteTeamCountry "IVB"]
[BlackTeamCountry "ANG"]
[TimeControl "40/5400+30:1800+30"]

1. e4 c5 2. Nf3 d6 3. Bc4 e6 4. a3 a6 5. d3 Nc6 6. O-O Nf6 7. Nc3 Be7 8. Ne2 b5 9. Ba2 d5 10. exd5 Nxd5 11. Ng3 O-O 12. Bd2 Bb7 13. Re1 Rc8 14. Ne5 Nxe5 15. Rxe5 Bf6 16. Rh5 Bxb2 17. Rb1 Nc3 18. Bxc3 Bxc3 19. Qg4 g6 20. Rh3 Bg7 21. Ne2 Bd5 22. Bxd5 Qxd5 23. Re1 Qa2 24. Nf4 e5 25. Nh5 gxh5 26. Rxh5 Rc6 27. h3 Rg6 28. Qf3 Qxc2 29. Qe4 Rd8 30. Re3 Qd1+ 31. Kh2 Qxh5 32. Qb7 Qg5 33. Re2 f5 34. f3 Rxd3 35. Qc8+ Rd8 36. Qxc5 Qg3+ 37. Kh1 Rd1+ 38. Qg1 0-1

[Event "45th FIDE Olympiad 2024"]
[Site "Budapest"]
[Date "2024.09.11"]
[Round "1.71"]
[White "Lupulescu, Constantin"]
[Black "Mirulla, David"]
[Result "1-0"]
[ECO "E73"]
[WhiteElo "2590"]
[BlackElo "1904"]
[Annotator "TA"]
[PlyCount "47"]
[EventDate "2024.09.05"]
[EventType "team-tourn"]
[EventCountry "HUN"]
[SourceTitle "playchess.com"]
[Source "ChessBase"]
[SourceQuality "1"]
[WhiteTeam "Romania"]
[BlackTeam "Cape Verde"]
[WhiteTeamCountry "ROU"]
[TimeControl "40/5400+30:1800+30"]

1. d4 Nf6 2. c4 g6 3. Nc3 Bg7 4. e4 d6 5. Be2 O-O 6. Be3 Nc6 7. d5 Ne5 8. f4 Neg4 9. Bd2 h5 (9... Nh6 $1 $14) 10. h3 $16 Nh6 11. Nf3 e6 (11... c6 $142) 12. O-O {White is more active.} Qe7 (12... exd5 $16 {keeps fighting.} 13. cxd5 c6) 13. Qc2 Re8 14. Rae1 Nd7 (14... exd5 $142 15. cxd5 c6 (15... Nxe4 $2 {loses.} 16. Nxe4 c5 17. Bb5 $18)) 15. Qc1 $18 f5 16. dxe6 Nb6 17. Nd5 Qd8 18. e7 Qd7 19. e5 Nxd5 20. cxd5 {Threatens to win with Nh4.} dxe5 $2 {[#]} (20... Qxe7 21. Bc4 Bd7) 21. fxe5 {White is clearly winning.} Kh7 {Black is weak on the dark squares} 22. Ng5+ Kh8 23. Ne6 Nf7 24. Nxg7 {White took control after the opening.   Weighted Error Value: White=0.14 (very precise) /Black=0.43.  Mistake:       	---       	Black=5      OK:         	White=9     	Black=4} 1-0

[Event "45th FIDE Olympiad 2024"]
[Site "Budapest"]
[Date "2024.09.11"]
[Round "1.71"]
[White "Silva, David"]
[Black "Samuel, Jhon"]
[Result "1-0"]
[ECO "B11"]
[WhiteElo "2363"]
[BlackElo "1545"]
[Annotator "TA"]
[PlyCount "55"]
[EventDate "2024.09.05"]
[EventType "team-tourn"]
[EventCountry "HUN"]
[SourceTitle "playchess.com"]
[Source "ChessBase"]
[SourceQuality "1"]
[WhiteTeam "Angola"]
[BlackTeam "British Virgin Islands"]
[WhiteTeamCountry "ANG"]
[BlackTeamCountry "IVB"]
[TimeControl "40/5400+30:1800+30"]

1. e4 c6 2. Nc3 d5 3. Nf3 Bg4 4. h3 Bxf3 5. Qxf3 d4 6. Ne2 (6. Bc4 $14 e6 7. Ne2) 6... e5 7. Ng3 Qf6 8. Qb3 Qe7 {White is slightly better.} 9. Nf5 Qd7 10. Qg3 f6 $1 11. Bc4 $36 {[%mdl 2048] White has some pressure. Black is weak on the light squares} g6 {[#]} 12. Nh4 {[%cal Oh4g6] White is much more active.} Ne7 13. d3 Na6 14. a3 Nc7 15. f4 Bg7 (15... exf4 $16 16. Qxf4 (16. Bxf4 O-O-O $14) 16... Bg7) 16. fxe5 $18 fxe5 17. O-O {[#] Rf7 would now be deadly.} Ne6 18. Bd2 O-O-O $2 (18... Nf4 {is tougher.}) 19. Rf7 {White is clearly winning.} Rhf8 20. Bxe6 Qxe6 21. Rxg7 Rf7 22. Rxf7 Qxf7 23. Qxe5 Rf8 24. Qxd4 b6 25. Nf3 Qf6 26. Qxf6 Rxf6 27. Bg5 Rf7 28. Ne5 {White took control after the opening.   Weighted Error Value: White=0.09 (flawless) /Black=0.61.  Mistake:       	---       	Black=2      Inaccurate:     	---       	Black=3      OK:         	White=10    	Black=3      Best:        	---       	Black=1      Strong:       	---       	Black=1} 1-0

[Event "45th FIDE Olympiad 2024"]
[Site "Budapest"]
[Date "2024.09.11"]
[Round "1.72"]
[White "Vaz, Jose Carlos"]
[Black "Parligras, Mircea-Emilian"]
[Result "0-1"]
[ECO "B51"]
[WhiteElo "1909"]
[BlackElo "2537"]
[Annotator "TA"]
[PlyCount "102"]
[EventDate "2024.09.05"]
[EventType "team-tourn"]
[EventCountry "HUN"]
[SourceTitle "playchess.com"]
[Source "ChessBase"]
[SourceQuality "1"]
[WhiteTeam "Cape Verde"]
[BlackTeam "Romania"]
[BlackTeamCountry "ROU"]
[TimeControl "40/5400+30:1800+30"]

1. e4 c5 2. Nf3 d6 3. Bb5+ Nd7 4. d4 cxd4 5. Nxd4 Ngf6 6. Nc3 a6 7. Bxd7+ Bxd7 8. O-O {The position is equal.} e6 9. Kh1 b5 {Threatening ...b4.} 10. a3 Be7 11. Bg5 O-O 12. f4 (12. Qd3 $11) 12... h6 $1 $15 13. Bh4 {[#]} Nxe4 $1 14. Bxe7 {Black keeps a firm grip on the game.} (14. Nxe4 Bxh4) 14... Nxc3 15. Bxd8 Nxd1 16. Raxd1 Rfxd8 17. Rd2 Kf8 18. Re1 Rac8 19. Kg1 Bc6 20. Kf2 Bb7 21. g4 g5 22. fxg5 hxg5 23. Kg3 Rd7 24. Rf2 Kg7 25. c3 Rc5 26. Re3 Re5 27. Rfe2 Kf6 28. Rf2+ Ke7 29. Rfe2 f6 30. h3 Rc7 31. h4 gxh4+ 32. Kxh4 Rc8 33. Rh3 Rh8+ 34. Kg3 Rxh3+ 35. Kxh3 Rxe2 36. Nxe2 $19 {[%mdl 4096] Endgame. KB-KN} Be4 37. Kg3 e5 38. Kf2 Bc2 {White must now prevent ...Bd1.} 39. Ng3 Kf7 40. Nf1 Ke6 41. Ne3 Be4 42. Ke2 d5 43. Kf2 (43. Nf1 $142) 43... d4 44. cxd4 (44. Nf1 $142) 44... exd4 45. Nf1 Ke5 46. Kg3 $2 (46. Ng3) 46... a5 47. Nd2 Bd5 {And now ...a4 would win.} 48. b3 $2 (48. Kf2) 48... b4 {Black is clearly winning.} 49. axb4 axb4 {aiming for ...d3.} 50. Kf2 Kf4 {[%cal Od4d3] Strongly threatening ...d3!} 51. Ke2 {[#]} Be4 $1 {Weighted Error Value: White=0.42/Black=0.07 (flawless) .  Mistake:       	White=3     	---        Inaccurate:     	White=1     	Black=1      OK:         	White=11    	Black=20     Best:        	White=1     	Black=1      Strong:       	---       	Black=1      Brilliant:      	---       	Black=1} ({Weaker is} 51... Kxg4 52. Kd3 $11) 0-1